| TOP OF THE 1ST |
|
Great Falls Voyagers batting - Pitching for Elizabethton Twins : RHP Kanenori Ikeda Jr.
|
|
Pitching: RHP Kanenori Ikeda Jr.
|
|
|
Batting: RHB Andy Cotton
|
0-0: Ball 1-0: Foul Ball, location: 2F 1-1: Ball 2-1: Foul Ball, location: 2F 2-2: Foul Ball, location: 2F 2-2: Strikes out swinging
|
|
Batting: RHB Enrique Gomez
|
0-0: Ball 1-0: Fly out, F9 (Line Drive, 89D, EV 90.0 MPH)
|
|
Batting: RHB Russ Cornett
|
0-0: Ball 1-0: Foul Ball, location: 2F 1-1: Ball 2-1: Foul Ball, location: 2F 2-2: Ball 3-2: Foul Ball, location: 2F 3-2: Fly out, F8 (Line Drive, 8LS, EV 96.2 MPH)
|
| Top of the 1st over - 0 runs, 0 hits, 0 errors, 0 left on base; Great Falls 0 - Elizabethton 0 |
| BOTTOM OF THE 1ST |
|
Elizabethton Twins batting - Pitching for Great Falls Voyagers : LHP Don Stanford
|
|
Pitching: LHP Don Stanford
|
|
|
Batting: RHB David McDonald
|
0-0: Ball 1-0: Ball 2-0: Reached on error, E5 (Groundball, 5L, EV 88.1 MPH)
|
|
Batting: RHB Nestor Moreno
|
0-0: Called Strike 0-1: Ball 1-1: Reached on error, E6 (Groundball, 6S, EV 69.4 MPH) David McDonald scores
|
|
Batting: RHB Ryan Starks
|
0-0: Ball 1-0: Ball 2-0: Ball 3-0: Called Strike 3-1: Base on Balls
|
|
Batting: LHB Ryuuichi Shintani
|
0-0: Called Strike 0-1: Called Strike 0-2: Foul Ball, location: 2F 0-2: Foul Ball, location: 2F 0-2: Foul Ball, location: 2F 0-2: Strikes out swinging
|
|
Batting: RHB Hisao Takei
|
0-0: Called Strike Nestor Moreno steals 3rd base Ryan Starks to second 0-1: Ball 1-1: Ball 2-1: Fly out, F7 (Line Drive, 7, EV 90.0 MPH)
|
|
Batting: LHB David Ramos
|
0-0: Ball 1-0: Ball 2-0: Ball 3-0: Base on Balls
|
|
Batting: RHB Calvin Day
|
0-0: Ball 1-0: Ground out 6-3 (Groundball, 6MS, EV 88.8 MPH)
|
| Bottom of the 1st over - 1 run, 0 hits, 2 errors, 3 left on base; Great Falls 0 - Elizabethton 1 |
| TOP OF THE 2ND |
|
Great Falls Voyagers batting - Pitching for Elizabethton Twins : RHP Kanenori Ikeda Jr.
|
|
Batting: RHB Billy Grubbs
|
0-0: Foul Ball, location: 2F 0-1: Foul Ball, location: 2F 0-2: Strikes out swinging
|
|
Batting: RHB Mitch Cuadros
|
0-0: Foul Ball, location: 2F 0-1: Ball 1-1: Fly out, F3 (Flyball, 3D, EV 93.1 MPH)
|
|
Batting: RHB Jake Feinstein
|
0-0: Ball 1-0: Swinging Strike 1-1: Foul Ball, location: 2F 1-2: Ball 2-2: Foul Ball, location: 2F 2-2: Ball 3-2: Foul Ball, location: 2F 3-2: Foul Ball, location: 2F 3-2: Base on Balls
|
|
Batting: RHB Francisco Marin
|
0-0: Called Strike 0-1: Ball 1-1: Foul Ball, location: 2F 1-2: Ball 2-2: Foul Ball, location: 2F 2-2: Foul Ball, location: 2F 2-2: Strikes out swinging
|
| Top of the 2nd over - 0 runs, 0 hits, 0 errors, 1 left on base; Great Falls 0 - Elizabethton 1 |
| BOTTOM OF THE 2ND |
|
Elizabethton Twins batting - Pitching for Great Falls Voyagers : LHP Don Stanford
|
|
Batting: RHB Ned Scovell
|
0-0: Reached on error, E6 (Groundball, 6, EV 103.1 MPH)
|
|
Batting: RHB Braydon Garland
|
0-0: Ball 1-0: Fielders Choice at 2nd, 6-4 (Groundball, 6, EV 90.0 MPH)
|
|
Batting: RHB David McDonald
|
0-0: Called Strike 0-1: Foul Ball, location: 2F 0-2: Ball 1-2: Grounds into double play, 5-4-3 (Groundball, 56, EV 91.2 MPH)
|
| Bottom of the 2nd over - 0 runs, 0 hits, 1 error, 0 left on base; Great Falls 0 - Elizabethton 1 |
| TOP OF THE 3RD |
|
Great Falls Voyagers batting - Pitching for Elizabethton Twins : RHP Kanenori Ikeda Jr.
|
|
Batting: RHB David Cortez
|
0-0: Foul Ball, location: 2F 0-1: Swinging Strike 0-2: Ball 1-2: Ball 2-2: Foul Ball, location: 2F 2-2: Strikes out swinging
|
|
Batting: RHB Dave Dominguez
|
0-0: Foul Ball, location: 2F 0-1: Ball 1-1: Foul Ball, location: 2F 1-2: Ground out 6-3 (Groundball, 6, EV 96.2 MPH)
|
|
Batting: RHB Andy Cotton
|
0-0: Called Strike 0-1: Ball 1-1: Ball 2-1: Ball 3-1: Base on Balls
|
|
Batting: RHB Enrique Gomez
|
0-0: Ball 1-0: Ball 2-0: Called Strike 2-1: Foul Ball, location: 2F 2-2: Ball 3-2: Ground out 6-3 (Groundball, 6, EV 81.9 MPH)
|
| Top of the 3rd over - 0 runs, 0 hits, 0 errors, 1 left on base; Great Falls 0 - Elizabethton 1 |
| BOTTOM OF THE 3RD |
|
Elizabethton Twins batting - Pitching for Great Falls Voyagers : LHP Don Stanford
|
|
Batting: RHB Nestor Moreno
|
0-0: Ball 1-0: Called Strike 1-1: DOUBLE (Line Drive, 78XD, EV 109.4 MPH)
|
|
Batting: RHB Ryan Starks
|
0-0: Called Strike 0-1: Called Strike 0-2: Ball 1-2: 2-RUN HOME RUN (Flyball, 7LD, EV 91.9 MPH), Distance : 343 ft
|
|
Batting: LHB Ryuuichi Shintani
|
0-0: Ball 1-0: Ball 2-0: Swinging Strike 2-1: Ball 3-1: Called Strike 3-2: Foul Ball, location: 2F 3-2: Foul Ball, location: 2F 3-2: Base on Balls
|
|
Batting: RHB Hisao Takei
|
0-0: Ball 1-0: Ball 2-0: Called Strike 2-1: Called Strike 2-2: Foul Ball, location: 2F 2-2: Strikes out swinging
|
|
Batting: LHB David Ramos
|
0-0: Called Strike 0-1: Fielders Choice at 2nd, 4-6 (Groundball, 4, EV 98.1 MPH)
|
|
Batting: RHB Calvin Day
|
0-0: Called Strike David Ramos is caught stealing 2nd base 2-4
|
| Bottom of the 3rd over - 2 runs, 2 hits, 0 errors, 0 left on base; Great Falls 0 - Elizabethton 3 |
| TOP OF THE 4TH |
|
Great Falls Voyagers batting - Pitching for Elizabethton Twins : RHP Kanenori Ikeda Jr.
|
|
Batting: RHB Russ Cornett
|
0-0: Called Strike 0-1: Foul Ball, location: 2F 0-2: Foul Ball, location: 2F 0-2: SINGLE (Groundball, 56S, EV 66.2 MPH) (infield hit)
|
|
Batting: RHB Billy Grubbs
|
0-0: Called Strike 0-1: Fielders Choice at 2nd, 4-6 (Groundball, 4, EV 103.8 MPH)
|
|
Batting: RHB Mitch Cuadros
|
0-0: Foul Ball, location: 2F 0-1: Ball 1-1: Ball 2-1: Ball 3-1: Called Strike 3-2: Grounds into double play, 5-4-3 (Groundball, 15, EV 83.1 MPH)
|
| Top of the 4th over - 0 runs, 1 hit, 0 errors, 0 left on base; Great Falls 0 - Elizabethton 3 |
| BOTTOM OF THE 4TH |
|
Elizabethton Twins batting - Pitching for Great Falls Voyagers : LHP Don Stanford
|
|
Batting: RHB Calvin Day
|
0-0: Fly out, F7 (Flyball, 7, EV 94.4 MPH)
|
|
Batting: RHB Ned Scovell
|
0-0: Ball 1-0: Swinging Strike 1-1: Ground out 5-3 (Groundball, 56, EV 107.5 MPH)
|
|
Batting: RHB Braydon Garland
|
0-0: Foul Ball, location: 2F 0-1: Ball 1-1: Foul Ball, location: 2F 1-2: Strikes out swinging
|
| Bottom of the 4th over - 0 runs, 0 hits, 0 errors, 0 left on base; Great Falls 0 - Elizabethton 3 |
| TOP OF THE 5TH |
|
Great Falls Voyagers batting - Pitching for Elizabethton Twins : RHP Kanenori Ikeda Jr.
|
|
Batting: RHB Jake Feinstein
|
0-0: Ball 1-0: Ball 2-0: Ball 3-0: Swinging Strike 3-1: Base on Balls
|
|
Batting: RHB Francisco Marin
|
0-0: Ball Wild Pitch! Jake Feinstein to second 1-0: Foul Ball, location: 2F 1-1: Swinging Strike 1-2: Fly out, F7 (Flyball, 7, EV 91.2 MPH)
|
|
Batting: RHB David Cortez
|
0-0: Ball 1-0: Called Strike 1-1: Swinging Strike Passed Ball! Jake Feinstein to third 1-2: Ball Wild Pitch! Jake Feinstein scores 2-2: Strikes out looking
|
|
Batting: RHB Dave Dominguez
|
0-0: Called Strike 0-1: Ball 1-1: Foul Ball, location: 2F 1-2: Ground out 4-3 (Groundball, 4, EV 93.1 MPH)
|
| Top of the 5th over - 1 run, 0 hits, 0 errors, 0 left on base; Great Falls 1 - Elizabethton 3 |
| BOTTOM OF THE 5TH |
|
Elizabethton Twins batting - Pitching for Great Falls Voyagers : LHP Don Stanford
|
|
Batting: RHB David McDonald
|
0-0: Called Strike 0-1: Swinging Strike 0-2: Ball 1-2: Strikes out swinging
|
|
Batting: RHB Nestor Moreno
|
0-0: Ball 1-0: Ball 2-0: Called Strike 2-1: Foul Ball, location: 2F 2-2: Foul Ball, location: 2F 2-2: SINGLE (Groundball, 25, EV 72.5 MPH) (infield hit)
|
|
Batting: RHB Ryan Starks
|
0-0: Ball 1-0: Called Strike 1-1: Ball 2-1: Ball 3-1: SINGLE (Groundball, 5S, EV 73.8 MPH) (infield hit) Nestor Moreno to second
|
|
Batting: LHB Ryuuichi Shintani
|
0-0: Ball Nestor Moreno is caught stealing 3rd base 2-5 1-0: Foul Ball, location: 2F 1-1: Foul Ball, location: 2F 1-2: Fly out, F7 (Flyball, 78M, EV 91.9 MPH)
|
| Bottom of the 5th over - 0 runs, 2 hits, 0 errors, 1 left on base; Great Falls 1 - Elizabethton 3 |
| TOP OF THE 6TH |
|
Great Falls Voyagers batting - Pitching for Elizabethton Twins : RHP Kanenori Ikeda Jr.
|
|
Batting: RHB Andy Cotton
|
0-0: Called Strike 0-1: Foul Ball, location: 2F 0-2: Ball 1-2: Ball 2-2: Fly out, F8 (Flyball, 8LD, EV 86.9 MPH)
|
|
Pitching: LHP Bryce Alexander
|
|
|
Batting: RHB Enrique Gomez
|
0-0: Called Strike 0-1: Fly out, F7 (Flyball, 7LSF, EV 89.4 MPH)
|
|
Batting: RHB Russ Cornett
|
0-0: Ball 1-0: Foul Ball, location: 2F 1-1: Swinging Strike 1-2: Foul Ball, location: 2F 1-2: Ball 2-2: Strikes out swinging
|
| Top of the 6th over - 0 runs, 0 hits, 0 errors, 0 left on base; Great Falls 1 - Elizabethton 3 |
| BOTTOM OF THE 6TH |
|
Elizabethton Twins batting - Pitching for Great Falls Voyagers : LHP Don Stanford
|
|
Batting: RHB Hisao Takei
|
0-0: Ball 1-0: Foul Ball, location: 2F 1-1: Called Strike 1-2: Foul Ball, location: 2F 1-2: DOUBLE (Line Drive, 7LS, EV 105.0 MPH)
|
|
Batting: LHB David Ramos
|
0-0: Intentional Walk
|
|
Pitching: RHP Ben Robertson
|
|
|
Batting: RHB Calvin Day
|
0-0: Foul Ball, location: 2F 0-1: Called Strike 0-2: Ball 1-2: Strikes out looking
|
|
Batting: RHB Ned Scovell
|
0-0: Called Strike 0-1: Ball 1-1: Fly out, F4 (Popup, 34, EV 75.0 MPH)
|
|
Batting: RHB Braydon Garland
|
0-0: SINGLE (Groundball, 34D, EV 101.2 MPH) Hisao Takei to third David Ramos to second
|
|
Batting: RHB David McDonald
|
0-0: Called Strike 0-1: Foul Ball, location: 2F 0-2: Ball 1-2: Fly out, F4 (Popup, 4MD, EV 50.6 MPH)
|
| Bottom of the 6th over - 0 runs, 2 hits, 0 errors, 3 left on base; Great Falls 1 - Elizabethton 3 |
| TOP OF THE 7TH |
|
Great Falls Voyagers batting - Pitching for Elizabethton Twins : LHP Bryce Alexander
|
|
Now at 3B: Antonio Santos
|
|
|
Batting: RHB Billy Grubbs
|
0-0: Foul Ball, location: 2F 0-1: Ball 1-1: SOLO HOME RUN (Flyball, 8LXD, EV 106.9 MPH), Distance : 442 ft
|
|
Batting: RHB Mitch Cuadros
|
0-0: Ball 1-0: Ball 2-0: Ball 3-0: Called Strike 3-1: Foul Ball, location: 2F 3-2: Base on Balls
|
|
Batting: RHB Jake Feinstein
|
0-0: Ball 1-0: Ball 2-0: Ball 3-0: Base on Balls Mitch Cuadros to second
|
|
Batting: RHB Francisco Marin
|
0-0: Ball 1-0: Ball 2-0: Foul Ball, location: 2F 2-1: Ball 3-1: Foul Ball, location: 2F 3-2: Base on Balls Mitch Cuadros to third Jake Feinstein to second
|
|
Batting: RHB David Cortez
|
0-0: Called Strike 0-1: Foul Ball, location: 2F 0-2: Strikes out swinging
|
|
Batting: RHB Dave Dominguez
|
0-0: Ball 1-0: Called Strike 1-1: Ball 2-1: Fly out, F8 (Flyball, 8LD, EV 96.2 MPH) Runner from 3rd tags up, OUT at HOME! 8-2
|
| Top of the 7th over - 1 run, 1 hit, 0 errors, 2 left on base; Great Falls 2 - Elizabethton 3 |
| BOTTOM OF THE 7TH |
|
Elizabethton Twins batting - Pitching for Great Falls Voyagers : RHP Ben Robertson
|
|
Batting: RHB Nestor Moreno
|
0-0: Ground out 5-3 (Groundball, 15, EV 86.2 MPH)
|
|
Batting: RHB Ryan Starks
|
0-0: Called Strike 0-1: Ball 1-1: Called Strike 1-2: Ball 2-2: Ball 3-2: Fly out, F8 (Flyball, 78S, EV 93.8 MPH)
|
|
Batting: LHB Ryuuichi Shintani
|
0-0: Ball 1-0: Foul Ball, location: 2F 1-1: Called Strike 1-2: Ball 2-2: Foul Ball, location: 2F 2-2: Fly out, F8 (Flyball, 8RXD, EV 99.4 MPH)
|
| Bottom of the 7th over - 0 runs, 0 hits, 0 errors, 0 left on base; Great Falls 2 - Elizabethton 3 |
| TOP OF THE 8TH |
|
Great Falls Voyagers batting - Pitching for Elizabethton Twins : LHP Bryce Alexander
|
|
Batting: RHB Andy Cotton
|
0-0: Swinging Strike 0-1: Called Strike 0-2: SOLO HOME RUN (Flyball, 78XD, EV 98.1 MPH), Distance : 393 ft
|
|
Batting: RHB Enrique Gomez
|
0-0: Ball 1-0: Ball 2-0: Called Strike 2-1: Called Strike 2-2: Foul Ball, location: 2F 2-2: Fly out, F9 (Line Drive, 89S, EV 105.0 MPH)
|
|
Batting: RHB Russ Cornett
|
0-0: Ball 1-0: Ball 2-0: Ball 3-0: Base on Balls
|
|
Pitching: RHP Jason McCaw
|
|
|
Batting: RHB Billy Grubbs
|
0-0: Ball 1-0: Foul Ball, location: 2F 1-1: Foul Ball, location: 2F 1-2: Foul Ball, location: 2F 1-2: Foul Ball, location: 2F 1-2: Strikes out swinging
|
|
Batting: RHB Mitch Cuadros
|
0-0: Foul Ball, location: 2F 0-1: SINGLE (Groundball, 6MD, EV 96.2 MPH) Russ Cornett to second Runner from 2nd tries for 3rd, SAFE, throw by CF made to third
|
|
Batting: RHB Jake Feinstein
|
0-0: Ball 1-0: Ball 2-0: Called Strike 2-1: Ball 3-1: Swinging Strike 3-2: Foul Ball, location: 2F 3-2: Base on Balls Mitch Cuadros to second
|
|
Batting: RHB Francisco Marin
|
0-0: Ball 1-0: Ball 2-0: Swinging Strike 2-1: Foul Ball, location: 2F 2-2: Foul Ball, location: 2F 2-2: Strikes out swinging
|
| Top of the 8th over - 1 run, 2 hits, 0 errors, 3 left on base; Great Falls 3 - Elizabethton 3 |
| BOTTOM OF THE 8TH |
|
Elizabethton Twins batting - Pitching for Great Falls Voyagers : RHP Ben Robertson
|
|
Pinch Hitting: RHB Sergio Gomez
|
0-0: Called Strike 0-1: Ball 1-1: Called Strike 1-2: Strikes out swinging
|
|
Batting: LHB David Ramos
|
0-0: Ball 1-0: Ball 2-0: Ball 3-0: Ground out 3-1 (Groundball, 34S, EV 85.6 MPH)
|
|
Pitching: RHP Bin Li
|
|
|
Pinch Hitting: LHB George Roben
|
0-0: Called Strike 0-1: Called Strike 0-2: Strikes out swinging
|
| Bottom of the 8th over - 0 runs, 0 hits, 0 errors, 0 left on base; Great Falls 3 - Elizabethton 3 |
| BOTTOM OF THE 9TH |
|
Elizabethton Twins batting - Pitching for Great Falls Voyagers : RHP Bin Li
|
|
Pitching: LHP Dave Fairn
|
|
|
Now at C: Joselito Santos
|
|
|
Batting: RHB Ned Scovell
|
0-0: Foul Ball, location: 2F 0-1: Swinging Strike 0-2: Strikes out looking
|
|
Batting: RHB Braydon Garland
|
0-0: Called Strike 0-1: Ball 1-1: Ball 2-1: Ball 3-1: Base on Balls
|
|
Batting: RHB David McDonald
|
0-0: Ball 1-0: Ball 2-0: Ball 3-0: Called Strike 3-1: Base on Balls Braydon Garland to second
|
|
Batting: RHB Nestor Moreno
|
0-0: Ball 1-0: Ball 2-0: Called Strike 2-1: Ball 3-1: Base on Balls Braydon Garland to third David McDonald to second
|
|
Batting: RHB Ryan Starks
|
0-0: Ball 1-0: Called Strike 1-1: Ball 2-1: Ball 3-1: Base on Balls Braydon Garland scores David McDonald to third Nestor Moreno to second
|
|
Batting: LHB Ryuuichi Shintani
|
0-0: Ball 1-0: Foul Ball, location: 2F 1-1: Foul Ball, location: 2F 1-2: Foul Ball, location: 2F 1-2: Foul Ball, location: 2F 1-2: SINGLE (Groundball, 6M, EV 109.4 MPH) David McDonald scores Nestor Moreno to third Ryan Starks to second Runner from 3rd tries for Home, SAFE, throw by CF to home
|
| Bottom of the 9th over - 3 runs, 1 hit, 0 errors, 2 left on base; Great Falls 5 - Elizabethton 6 |
|